 Dungeon Crawl Stone Soup version 0.23.2-1-ga50397a (webtiles) character file.

Game seed: 8883632253493836018

200 HawkI the Shield-Bearer (level 6, -1/48 HPs)
             Began as a Human Fighter on May 30, 2019.
             Succumbed to an orc wizard's poison
             ... on level 4 of the Dungeon.
             The game lasted 00:08:30 (3727 turns).

HawkI the Shield-Bearer (Human Fighter)             Turns: 3727, Time: 00:08:31

Health: -1/48      AC:  9    Str: 18    XL:     6   Next: 6%
Magic:  6/6        EV:  5    Int:  8    God:
Gold:   91         SH:  9    Dex: 13    Spells: 5/5 levels left

rFire    . . .     SeeInvis .   a - +1 long sword
rCold    . . .     Gourm    .   c - +0 shield
rNeg     . . .     Faith    .   o - +0 chain mail
rPois    .         Spirit   .   (no helmet)
rElec    .         Reflect  .   (no cloak)
rCorr    .         Harm     .   (no gloves)
MR       .....                  (no boots)
Stlth    ..........             (no amulet)
HPRegen  0.16/turn              (no ring)
MPRegen  0.10/turn              (no ring)

@: lethally poisoned (-1 -> -29)
A: no striking features
a: no special abilities


You were on level 4 of the Dungeon.
You were not hungry.

You visited 1 branch of the dungeon, and saw 4 of its levels.

You collected 91 gold pieces.

Inventory:

Hand Weapons
 a - a +1 long sword (weapon)
Armour
 b - a +0 scale mail
 c - a +0 shield (worn)
 j - a +0 plate armour
 o - a +0 chain mail (worn)
Scrolls
 e - a scroll of enchant weapon
 h - 4 scrolls of immolation
 i - a scroll of remove curse
 n - a scroll of noise
Potions
 k - 2 potions of cancellation
Comestibles
 f - 5 rations


   Skills:
 + Level 3.7 Fighting
 + Level 3.5 Long Blades
 + Level 3.8 Armour
 + Level 1.1 Dodging
 + Level 4.1 Shields


You had 5 spell levels left.
You didn't know any spells.
Your spell library was empty.

Dungeon Overview and Level Annotations

Branches:
Dungeon (4/15)
 Temple: D:4-7

Altars:
Ashenzari

Annotations:
D:4 2 transporters, Sassenached's ghost, amateur DsGl


Message History

Okay, then.
You hit the orc.
The orc is heavily wounded.
You feel very sick.
The orc wizard gestures at you while chanting.
The puff of frost hits you!
* * * LOW HITPOINT WARNING * * *
You block the orc wizard's attack. The orc hits you but does no damage.
Your chain mail prevents you from hitting the orc.
The orc is heavily wounded.
* * * LOW HITPOINT WARNING * * *
You feel very sick. You block the orc wizard's attack.
The orc wizard barely misses you. The orc hits you with a +0 mace.
* * * LOW HITPOINT WARNING * * *
* * * LOW HITPOINT WARNING * * *
You feel sick. You block the orc's attack.
The orc wizard hits you but does no damage.
You are more poisoned.
You die...

#....##.#
+.......##
#.........#
#..........
#..........
##[#..#####
#o#.##©...
#.o.# .#O #
##@.# ..# ..
#.###..##...
#...#.#..#O#
##...#..W..?$
#....########
#.........©.©
#.....####...
#...........
#...........


You could see an orc wizard and an orc.

Vanquished Creatures
  8 gnolls
  4 adders
  An adder zombie (D:2)
  4 dart slugs
  A leopard gecko (D:2)
  An orc (D:4)
  5 bats
  A bat skeleton (D:2)
  A bat zombie (D:2)
  2 giant cockroaches
  9 goblins
  6 hobgoblins
  4 jackals (D:3)
  7 kobolds
  2 quokkas (D:2)
  6 ball pythons
  A ball python zombie (D:2)
  7 frilled lizards
  5 rats
75 creatures vanquished.

Notes
Turn   | Place    | Note
-------+----------+-------------------------------------------
     0 | D:1      | HawkI the Human Fighter began the quest for the Orb.
     0 | D:1      | Reached XP level 1. HP: 18/18 MP: 1/1
   191 | D:1      | Reached XP level 2. HP: 20/24 MP: 2/2
   818 | D:2      | Reached XP level 3. HP: 25/29 MP: 3/3
  1236 | D:2      | Reached XP level 4. HP: 28/35 MP: 4/4
  1958 | D:2      | Found a shattered altar of Ashenzari.
  2028 | D:3      | Reached XP level 5. HP: 28/41 MP: 5/5
  2275 | D:2      | Reached skill level 1 in Dodging
  2411 | D:3      | Reached skill level 4 in Shields
  2599 | D:3      | Found a faded altar of an unknown god.
  2904 | D:3      | Reached XP level 6. HP: 26/48 MP: 6/6
  3690 | D:4      | Noticed Sassenached's ghost (amateur DsGl)
  3691 | D:4      | Found a transporter.
  3691 | D:4      | Found a transporter.
  3691 | D:4      | Identified the +11 great mace of Xaupoteth {freeze, Fragile
                  | rPois MP+9 Int+4}
  3691 | D:4      | Noticed an ogre
  3691 | D:4      | Noticed an ogre
  3726 | D:4      | HP: 2/48 [poisoned by an orc wizard]
  3727 | D:4      | Succumbed to an orc wizard's poison

Skill      XL: |  1  2  3  4  5 |
---------------+----------------+-----
Long Blades    | 3 |  3.5
Dodging        | 1 |  1.1
Shields        | 4 |  4.1
Fighting       | |  3.7
Armour         | |  3.8

Action                   |  1- 3 |  4- 6 || total
-------------------------+-------+-------++-------
Melee: Long sword        |   112 |   190 ||   302
  Use: Scroll            |     6 |     3 ||     9
       Potion            |     2 |     2 ||     4
  Eat: Chunk             |     1 |     5 ||     6
       Ration            |       |     1 ||     1
Armor: Scale mail        |    35 |       ||    35
       Chain mail        |    76 |   117 ||   193
Dodge: Dodged            |    40 |    56 ||    96
Block: Shield            |    70 |   128 ||   198
       Rpst.: Long sword |    18 |    14 ||    32
